 Dungeon Crawl Stone Soup version 0.28.0 (webtiles) character file.

Game seed: 2034861262173905295

8731 bonscott the Reanimator (level 11, -2/64 HPs)
             Began as a Vampire Necromancer on Feb 11, 2022.
             Hit by a javelin thrown by a centaur (11 damage)
             ... in a bailey.
             The game lasted 01:23:10 (14079 turns).

bonscott the Reanimator (Vampire Necromancer)      Turns: 14079, Time: 01:23:10

Health: -2/64      AC:  9    Str: 11    XL:     11   Next: 13%
Magic:  21/21      EV: 13    Int: 18    God:
Gold:   498        SH:  0    Dex: 21    Spells: 20/24 levels left

rFire   . . .      SeeInvis +   S - +2 halberd (drain)
rCold   + + .      Faith    .   (shield currently unavailable)
rNeg    + + +      Spirit   .   W - +0 acid dragon scales
rPois   ∞          Reflect  .   (no helmet)
rElec   .          Harm     .   (no cloak)
rCorr   +          Rampage  .   l - +1 pair of gloves
Will    +....                   (no boots)
Stlth   ++++......              H - amulet of regeneration
HPRegen 0.00/turn               q - +6 ring of dexterity
MPRegen 0.17/turn               (no ring)

@: bloodless, inhibited regen
A: bloodless, fangs 3, see invisible, vampiric 2
a: Bat Form, Revivify


You were in a bailey.
You visited 2 branches of the dungeon, and saw 11 of its levels.
You also visited: Bailey.

You collected 514 gold pieces.
You spent 16 gold pieces at shops.

Inventory:

Hand Weapons
 a - a +0 vampiric long sword
 i - a +3 dagger of venom
 m - the +11 war axe "Ben Cuti" {speed, Str+2}
   (You found it on level 7 of the Dungeon)

   Attacks with this weapon are significantly faster.
   Str:       It affects your strength (+2).
 w - a +0 hand crossbow of flaming
 G - a +2 whip of electrocution
 L - a +5 morningstar of flaming
 M - a +1 vampiric spear
 N - a +1 whip of venom
 S - a +2 halberd of draining (weapon)
Missiles
 d - 70 poisoned darts
 e - 2 throwing nets
 o - 105 bolts
 z - 60 sling bullets
 D - 3 javelins
 F - 236 stones
 U - 9 curare-tipped darts
 X - 2 silver boomerangs
Armour
 b - an orb of energy
 l - a +1 pair of gloves (worn)
 W - +0 acid dragon scales (worn)
Jewellery
 q - a +6 ring of dexterity (left hand)
 H - an amulet of regeneration (around neck)
Wands
 E - a wand of iceblast (9)
 I - a wand of mindburst (19)
 V - a wand of flame (9)
Scrolls
 c - 2 scrolls of teleportation
 h - a scroll of magic mapping
 j - 2 scrolls of amnesia
 p - 3 scrolls of fear
 r - a scroll of summoning {unknown}
 u - a scroll of fog
 x - a scroll of brand weapon
 P - a scroll of blinking {unknown}
 Q - a scroll of holy word {unknown}
Potions
 f - 3 potions of curing
 k - 2 potions of might {unknown}
 n - 2 potions of cancellation
 t - 2 potions of mutation
 A - a potion of attraction {unknown}
 C - 2 potions of haste {unknown}
 J - 2 potions of heal wounds {unknown}
 O - 2 potions of invisibility


   Skills:
 - Level 6.0 Fighting
 - Level 0.5 Bows
 - Level 3.0 Throwing
 - Level 6.0 Armour
 - Level 3.0 Dodging
 - Level 3.0 Stealth
 - Level 7.0 Spellcasting
 - Level 9.0 Necromancy
 + Level 8.3 Earth Magic
 - Level 3.0 Evocations


You had 20 spell levels left.
You knew the following spells:

 Your Spells              Type           Power      Damage    Failure   Level
m - Vampiric Draining     Necr           38%        2d8       1%          3
p - Pain                  Necr           100%       1d9       1%          1

Your spell library contained the following spells:

 Spells                   Type           Power      Damage    Failure   Level
 Animate Skeleton         Necr           76%        N/A       1%          1
 Animate Dead             Necr           19%        N/A       3%          4
 Agony                    Necr           38%        N/A       11%         5
 Borgnjor's Vile Clutch   Necr/Erth      18%        N/A       12%         5
 Foxfire                  Conj/Fire      24%        2x1d5     16%         1
 Conjure Flame            Conj/Fire      6%         6-21      43%         3
 Inner Flame              Hex/Fire       6%         N/A       43%         3
 Death Channel            Necr           19%        N/A       52%         6
 Flame Wave               Conj/Fire      6%         2d5       83%         4
 Haunt                    Necr/Summ      11%        N/A       100%        7
 Infestation              Necr           19%        N/A       100%        8


Dungeon Overview and Level Annotations

Branches:
Dungeon (10/15)            Temple (1/1) D:5          Bailey (1/1)
   Lair: D:8-11         Orc: D:9-12

Altars:
Ashenzari
Cheibriados
Dithmenos
Elyvilon
Fedhas
Gozag
Hepliaklqana
Kikubaaqudgha
Makhleb
Nemelex Xobeh
Okawaru
Qazlal
Ru
Sif Muna
Trog
Uskayaw
Vehumet
Wu Jian
Xom
Yredelemnul
Zin
The Shining One

Shops:
D:3 (   D:7 (

Annotations:
D:8 2 transporters, saneFuiy's ghost, novice GnWr


Innate Abilities, Weirdness & Mutations

You do not regenerate when monsters are visible.
You are frail without blood (-20% HP).
You can heal yourself when you bite living creatures.
You are immune to poison.
You have razor-sharp teeth.
You have supernaturally acute eyesight. (SInv)
You are afflicted with vampirism and can become a bat while bloodless.


Message History

You hit the orc but do no damage.
The orc is moderately wounded.
The orc hits you with a +0 spear.
You hit the orc.
You kill the orc!
Okay, then.
Unknown command.
Your +0 hand crossbow of flaming bursts into flame!
w - a +0 hand crossbow of flaming (weapon)
Unknown command.
Your +0 hand crossbow of flaming stops flaming.
You sense an unholy aura.
S - a +2 halberd of draining (weapon)
The orc misses you.
You are too injured to fight recklessly!
You are too injured to fight recklessly!
You are too injured to fight recklessly!
Reach: S) +2 halberd (drain)
Press: ? - help, Dir - move target, f - orc
Aim: an orc, wielding a +0 halberd and wearing a +0 ring mail (about 35% to evade your +2 halberd of draining)
You reach to attack!
You hit the orc but do no damage. The orc closely misses you.
The orc hits you from afar with a +0 halberd.
Reach: S) +2 halberd (drain)
Press: ? - help, Dir - move target, f/p - orc
Aim: an orc, wielding a +0 halberd and wearing a +0 ring mail (about 35% to evade your +2 halberd of draining)
You reach to attack!
You hit the orc but do no damage. The orc misses you.
Reach: S) +2 halberd (drain)
Press: ? - help, Dir - move target, f/p - orc
Aim: an orc, wielding a +0 halberd and wearing a +0 ring mail (about 35% to evade your +2 halberd of draining)
You reach to attack!
You closely miss the orc. The orc misses you. The orc closely misses you.
The orc closely misses you.
The centaur shouts!
The centaur throws a javelin.
The javelin pierces through you!
* * * LOW HITPOINT WARNING * * *
The centaur throws a javelin.
The javelin pierces through you.
* * * LOW HITPOINT WARNING * * *
The centaur throws a javelin.
The javelin pierces through you!
You die...

#.≈.≈≈(≈...≈.≈≈.≈.#
#.≈.≈)≈≈...≈≈.≈.≈.#
#.≈.≈.≈.⌠∩⌠.≈)≈.≈.#
#.≈.≈.≈..∩..≈.≈.≈.#
#.≈.≈.≈.⌠∩⌠.≈.≈.≈.#
#.≈.≈.≈≈...≈≈.≈.≈.#
#.≈.≈≈)≈...≈.≈≈.≈o#
#.≈≈.≈.≈≈.≈≈.≈.≈≈.#
+..≈.≈≈.≈@≈.≈≈.≈o.+
#.....≈≈...≈≈oo...#
#......≈≈≈≈≈......#
#≈≈≈≈.........≈≈≈≈#
####≈≈⌠$...$⌠≈≈####
##≈≈≈$c$≈≈≈##
##≈≈≈≈≈≈≈##
#########


You could see a centaur and 3 orcs.

Vanquished Creatures
  Harold (D:8)
  Pikel (D:6)
  Joseph (D:7)
  A kobold demonologist (D:10)
  Maggie (D:8)
  A yak (D:9)
  A wraith (D:10)
  3 wyverns
  An acid dragon (D:9)
  A water moccasin (D:8)
  2 ice beasts (D:6)
  A sky beast (D:5)
  2 orc warriors
  3 black bears
  2 ogres
  5 necrophages (D:6)
  6 centaurs
  4 lemures
  24 kobold brigands
  4 bullfrogs
  3 scorpions
  2 wyvern zombies (D:6)
  2 water moccasin zombies (D:6)
  8 killer bees
  6 wights
  2 howler monkeys (D:6)
  2 bullfrog zombies (D:6)
  2 centaur zombies
  A human zombie (D:6)
  A hound (D:4)
  A jelly (D:5)
  An orc priest (D:9)
  2 gnoll shamans
  2 bullfrog skeletons
  A centaur skeleton (D:5)
  3 iguanas
  5 orc wizards
  2 killer bee zombies (D:6)
  2 hound skeletons
  A mummy (D:6)
  2 howler monkey zombies
  15 gnolls
  10 adders
  2 shadow imps (D:6)
  An ufetubus (D:4)
  An adder zombie (D:5)
  4 worms
  An adder skeleton (D:4)
  5 dart slugs (D:2)
  13 orcs
  8 ball pythons
  2 endoplasms
  2 giant cockroaches
  11 goblins
  5 hobgoblins
  6 quokkas
  4 bats
  2 frilled lizards
  7 kobolds
  A quokka skeleton (D:4)
  6 rats
222 creatures vanquished.

Vanquished Creatures (others)
  6 fungi (D:10)
  6 plants (D:10)
12 creatures vanquished.

Grand Total: 234 creatures vanquished

Notes
Turn   | Place    | Note
-------+----------+-------------------------------------------
     0 | D:1      | bonscott the Vampire Necromancer began the quest for the
                  | Orb.
     0 | D:1      | Reached XP level 1. HP: 13/13 MP: 3/3
   568 | D:1      | Reached XP level 2. HP: 18/19 MP: 2/5
  1460 | D:2      | Gained mutation: You are afflicted with vampirism and can
                  | become a bat while bloodless. [Vampire growth]
  1460 | D:2      | Reached XP level 3. HP: 21/24 MP: 3/7
  1672 | D:2      | Learned a level 3 spell: Vampiric Draining
  1778 | D:2      | Reached skill level 5 in Necromancy
  2531 | D:2      | Found a faded altar of an unknown god.
  2637 | D:3      | Reached XP level 4. HP: 11/30 MP: 2/9
  3046 | D:3      | Found Nytimav's Weapon Boutique.
  3059 | D:3      | Bought 4 poisoned darts for 16 gold pieces
  3650 | D:3      | Reached skill level 1 in Armour
  3870 | D:4      | Reached XP level 5. HP: 35/35 MP: 4/11
  4227 | D:4      | Found a large runed translucent door.
  4227 | D:4      | Found a large runed translucent door.
  4341 | D:4      | Found a hazy altar of Hepliaklqana.
  4358 | D:4      | Found a burning altar of Makhleb.
  4414 | D:4      | Found a shadowy altar of Dithmenos.
  4611 | D:4      | Reached skill level 1 in Fighting
  4617 | D:4      | Reached XP level 6. HP: 41/43 MP: 7/12
  5035 | D:5      | Entered Level 5 of the Dungeon
  5176 | D:5      | Found an ancient bone altar of Kikubaaqudgha.
  5481 | D:5      | Found a radiant altar of Vehumet.
  5709 | D:5      | Reached XP level 7. HP: 52/52 MP: 9/13
  5760 | D:5      | Reached skill level 6 in Necromancy
  5760 | D:5      | Reached skill level 1 in Throwing
  5903 | D:5      | Found a shimmering blue altar of Sif Muna.
  5952 | D:5      | Found a staircase to the Ecumenical Temple.
  6044 | Temple   | Entered the Ecumenical Temple
  6780 | D:6      | Found an iron altar of Okawaru.
  7092 | D:6      | Noticed Pikel
  7210 | D:6      | Reached XP level 8. HP: 58/58 MP: 10/14
  7679 | D:6      | Reached skill level 5 in Spellcasting
  8053 | D:6      | Killed Pikel
  8054 | D:6      | Reached skill level 7 in Necromancy
  8054 | D:6      | Reached skill level 8 in Necromancy
  8991 | D:6      | Reached XP level 9. HP: 65/65 MP: 10/16
  9066 | D:6      | Reached skill level 5 in Armour
  9101 | D:6      | Reached skill level 1 in Evocations
  9514 | D:6      | Found a basalt altar of Yredelemnul.
  9754 | D:6      | Reached skill level 5 in Fighting
 10109 | D:7      | Noticed Joseph
 10369 | D:7      | Identified the +11 war axe "Ben Cuti" {speed, Str+2}
 10437 | D:7      | Found a sacrificial altar of Ru.
 10836 | D:7      | Found Hall's Antique Weapon Shoppe.
 11070 | D:7      | Killed Joseph
 11071 | D:7      | Reached skill level 9 in Necromancy
 11135 | D:8      | Noticed saneFuiy's ghost (novice GnWr)
 11135 | D:8      | Found a transporter.
 11136 | D:8      | Found a transporter.
 11641 | D:8      | Noticed Harold
 11741 | D:8      | Reached XP level 10. HP: 58/60 MP: 19/19
 11741 | D:8      | Noticed a boulder beetle
 11798 | D:8      | Noticed Maggie
 11823 | D:8      | Killed Maggie
 12747 | D:8      | Reached skill level 1 in Earth Magic
 13265 | D:9      | Found a sparkling altar of Nemelex Xobeh.
 13390 | D:8      | Killed Harold
 13391 | D:8      | Reached skill level 5 in Earth Magic
 13489 | D:10     | Entered Level 10 of the Dungeon
 13786 | D:10     | Reached XP level 11. HP: 41/64 MP: 14/21
 13995 | D:10     | Found a flagged portal.
 14023 | Bailey   | Entered a bailey
 14079 | Bailey   | Hit by a javelin thrown by a centaur

Illustrated notes

Levels and vault maps discovered:
D:1:      nzn_arrival_water_spiral, layout_loops_corners, serial_glass,
          glass_columns_a, glass_columns_a
D:2:      minmay_door_path, layout_loops_corners,
          ebering_ecumenical_altar_abandoned
D:3:      layout_basic, serial_shops, nicolae_shop_bloodbath_and_beyond,
          nicolae_wormholes
D:4:      layout_loops_ring, jmf_multi_god_temple2,
          grunt_dithmenos_smoke_and_mirrors, nrook_mini_vaults, sigmund_army
D:5:      layout_loops_corners, mainiacjoe_overflow_cross_hatched,
          mainiacjoe_overflow_small_starburst, general_overflow_altar,
          minmay_temple_entry_stoned_glass
D:6:      minmay_angry_zag, layout_loops_corners, mainiacjoe_overflow_alcove_1,
          okawaru_trees_2, lemuel_mausoleum_altar_yredelemnul,
          minmay_fractal_squares_5, uniq_pikel
D:7:      layout_cave_pools, gammafunk_temple_overflow_wave, serial_shops,
          nicolae_shop_competitors_out_of_business, uniq_joseph
D:8:      layout_basic, gammafunk_ghost_smash, uniq_maggie, uniq_harold
D:9:      kennysheep_spiral_hall, layout_basic, lemuel_doored_altar
D:10:     layout_loops_cross, grunt_lair_entry_orc_guard_hut, special_room
          [special_room_kobold], enter_bailey_5
Temple:   compressed_dpeg_circular_temple
Bailey:   bailey_polearm_flooded_kennysheep, bailey

Skill      XL: |  1  2  3  4  5  6  7  8  9 10 11 |
---------------+----------------------------------+-----
Spellcasting   | 3 4 5 6 7 |  7.0
Necromancy     | 5 6 8 9 |  9.0
Armour         | 2 3 4 5 6 |  6.0
Fighting       | 1 3 4 6 |  6.0
Throwing       | 3 |  3.0
Dodging        | 3 |  3.0
Evocations     | 3 |  3.0
Earth Magic    | 7 8 |  8.3
Bows           | |  0.5
Stealth        | |  3.0

Action                   |  1- 3 |  4- 6 |  7- 9 | 10-12 || total
-------------------------+-------+-------+-------+-------++-------
Melee: Hand axe          |     7 |    74 |    35 |       ||   116
       Bite              |       |    12 |    42 |    23 ||    77
       Punch             |       |     1 |     5 |     2 ||     8
       Flail             |       |       |    89 |       ||    89
       Whip              |       |       |   112 |       ||   112
       Long sword        |       |       |    50 |       ||    50
       War axe           |       |       |    22 |   203 ||   225
       Halberd           |       |       |       |     3 ||     3
 Fire: Shortbow          |       |       |    11 |       ||    11
Throw: Stone             |     3 |    10 |    38 |     6 ||    57
       Dart              |       |     7 |    19 |    35 ||    61
 Cast: Pain              |    96 |    98 |    44 |     1 ||   239
       Vampiric Draining |       |     5 |    39 |    19 ||    63
 Abil: Exsanguinate      |       |       |     1 |       ||     1
Evoke: Wand              |       |       |     6 |     5 ||    11
  Use: Scroll            |       |     5 |     3 |     3 ||    11
       Potion            |       |       |       |     1 ||     1
 Stab: Sleeping          |       |     1 |     7 |     5 ||    13
       Distracted        |       |       |       |     1 ||     1
Armor: Robe              |     1 |    18 |       |       ||    19
       Leather armour    |       |    21 |    63 |       ||    84
       Ring mail         |       |       |    55 |       ||    55
       Acid dragon scale |       |       |       |    71 ||    71
       Swamp dragon scal |       |       |       |    12 ||    12
Dodge: Dodged            |    10 |    79 |   274 |   158 ||   521
